[Event "CZE Extraliga 2019-20"]
[Site "Czech Republic"]
[Date "2019.11.30"]
[Round "3.5"]
[White "Frolov, Artur"]
[Black "Pechac, Jergus"]
[Result "1/2-1/2"]
[ECO "C61"]
[WhiteElo "2425"]
[BlackElo "2489"]
[Annotator "ChessBase"]
[PlyCount "86"]
[EventDate "2019.09.15"]
[EventType "team-tourn"]
[EventCountry "CZE"]
[SourceTitle "playchess.com"]
[Source "ChessBase"]
[SourceQuality "1"]
[WhiteTeam "Praha"]
[BlackTeam "Pardubice"]
[TimeControl "40/5400+30:1800+30"]

1. e4 e5 2. Nf3 Nc6 3. Bb5 Nd4 4. Nxd4 exd4 5. O-O g6 6. Re1 Bg7 7. c3 Ne7 8. cxd4 Bxd4 9. Nc3 O-O 10. d3 Bg7 11. Bg5 h6 12. Bh4 c6 13. Ba4 g5 14. Bg3 d5 15. exd5 Nxd5 16. Nxd5 Qxd5 17. Bb3 Qd4 18. Re7 Qxb2 19. Rb1 Qf6 20. Rc7 b6 21. Rc1 Be6 22. R1xc6 Bxb3 23. axb3 Qf5 24. Qf3 Qxf3 25. gxf3 Rfd8 26. Bd6 Bb2 27. Kg2 Kg7 28. Rb7 h5 29. h4 gxh4 30. f4 Bf6 31. Be5 Bxe5 32. fxe5 Rxd3 33. Rf6 Rf8 34. Rf4 Kg6 35. Rf6+ Kg5 36. Rbxf7 Rxf7 37. Rxf7 Rxb3 38. e6 Rb2 39. Kh3 Rb3+ 40. Kg2 Rb2 41. Kh3 Rb3+ 42. Kg2 Rb2 43. Kh3 Rb3+ 1/2-1/2

[Event "CZE Extraliga 2019-20"]
[Site "Czech Republic"]
[Date "2019.11.30"]
[Round "3.5"]
[White "Hollan, Martin"]
[Black "Biolek, Richard Jr."]
[Result "0-1"]
[ECO "A84"]
[WhiteElo "2403"]
[BlackElo "2454"]
[Annotator "ChessBase"]
[PlyCount "80"]
[EventDate "2019.09.15"]
[EventType "team-tourn"]
[EventCountry "CZE"]
[SourceTitle "playchess.com"]
[Source "ChessBase"]
[SourceQuality "1"]
[WhiteTeam "Kromeriz"]
[BlackTeam "Poruba"]
[TimeControl "40/5400+30:1800+30"]

1. c4 f5 2. d4 e6 3. Nf3 Nf6 4. g3 d5 5. Bg2 c6 6. O-O Bd6 7. b3 Qe7 8. a4 a5 9. Ba3 Bxa3 10. Nxa3 O-O 11. Nc2 Nbd7 12. Nce1 dxc4 13. bxc4 e5 14. dxe5 Nxe5 15. Nxe5 Qxe5 16. Nd3 Qe7 17. Qc2 Ne4 18. Rab1 Be6 19. Rfc1 Rae8 20. Qb2 Bc8 21. Rc2 f4 22. Qb6 fxg3 23. hxg3 Qg5 24. Qd4 Nf6 25. Qc5 Qh6 26. Bf3 Ng4 27. Bxg4 Bxg4 28. f4 Rf5 29. Ne5 Rexe5 30. fxe5 Rh5 31. Rf1 Rh1+ 32. Kf2 Qh2+ 33. Ke1 Rxf1+ 34. Kxf1 Qxg3 35. Qf2 Qxe5 36. Rd2 h5 37. Rd8+ Kh7 38. e3 Qe4 39. Qf4 Qh1+ 40. Kf2 Qh4+ {[%emt 0:00:01] Rd3} 0-1

[Event "CZE Extraliga 2019-20"]
[Site "Czech Republic"]
[Date "2019.11.30"]
[Round "3.5"]
[White "Szotkowski, Jakub"]
[Black "Malik, Jan"]
[Result "1/2-1/2"]
[ECO "D47"]
[WhiteElo "2388"]
[BlackElo "2291"]
[Annotator "NA"]
[PlyCount "91"]
[EventDate "2019.09.15"]
[EventType "team-tourn"]
[EventCountry "CZE"]
[SourceTitle "playchess.com"]
[Source "ChessBase"]
[SourceQuality "1"]
[WhiteTeam "Frydek-Mistek"]
[BlackTeam "Ostrava"]
[TimeControl "40/5400+30:1800+30"]

1. d4 d5 2. c4 c6 3. Nf3 Nf6 4. Nc3 e6 5. e3 Nbd7 6. Be2 dxc4 7. Bxc4 b5 8. Be2 Bb7 9. O-O Bd6 10. b3 O-O 11. Bb2 a6 12. a4 b4 13. Nb1 $1 c5 14. Nbd2 $11 Ne4 15. Nxe4 Bxe4 16. Rc1 Qe7 17. Nd2 Bd5 18. Bf3 Bxf3 19. Nxf3 Rfc8 20. d5 Nb6 21. dxe6 Qxe6 22. g3 Be7 23. a5 Nd5 24. Rc4 Ra7 25. Qc2 Rd7 26. e4 Nc7 27. Ne5 Rdd8 28. Nd3 Nb5 29. Nf4 Qc6 30. Nd5 Bf8 31. Nxb4 Qb7 32. Nd5 Nd6 33. Ra4 Nxe4 34. Rxe4 Qxd5 35. Rc1 Rb8 36. Rc4 Qd3 37. Ba3 Qxc2 38. R1xc2 Rxb3 39. Bxc5 Bxc5 40. Rxc5 Ra3 41. Rd2 Ra8 42. Rd6 g6 43. h4 h5 44. Kg2 Ra7 45. Rb6 Kg7 46. Rd5 1/2-1/2

[Event "CZE Extraliga 2019-20"]
[Site "Czech Republic"]
[Date "2019.11.30"]
[Round "3.6"]
[White "Kanovsky, David"]
[Black "Rubes, Jan"]
[Result "1/2-1/2"]
[ECO "A36"]
[WhiteElo "2424"]
[BlackElo "2363"]
[Annotator "NA"]
[PlyCount "66"]
[EventDate "2019.09.15"]
[EventType "team-tourn"]
[EventCountry "CZE"]
[SourceTitle "playchess.com"]
[Source "ChessBase"]
[SourceQuality "1"]
[WhiteTeam "Poruba"]
[BlackTeam "Kromeriz"]
[TimeControl "40/5400+30:1800+30"]

1. c4 c5 2. g3 g6 3. Nc3 Bg7 4. Bg2 Nc6 5. a3 e6 6. Rb1 Nge7 7. b4 cxb4 8. axb4 O-O 9. Nf3 b6 10. O-O Bb7 11. Nb5 d5 12. c5 bxc5 13. bxc5 Ba6 14. Nd6 Qa5 15. d4 Rab8 16. Bb2 Qa2 17. Re1 Rxb2 18. Ra1 Qb3 19. Qxb3 Rxb3 20. Rxa6 Nxd4 21. Rxa7 Nxf3+ 22. Bxf3 Nc8 23. Rd7 Nxd6 24. cxd6 Be5 25. Rd1 Rfb8 26. Kg2 R3b7 27. Rxb7 Rxb7 28. e4 dxe4 29. Bxe4 Rd7 30. Bc6 Rxd6 31. Rxd6 Bxd6 32. f4 e5 33. fxe5 Bxe5 1/2-1/2

[Event "CZE Extraliga 2019-20"]
[Site "Czech Republic"]
[Date "2019.11.30"]
[Round "3.6"]
[White "Vlasak, Lukas"]
[Black "Rydl, Jiri"]
[Result "1-0"]
[ECO "D00"]
[WhiteElo "2423"]
[BlackElo "2422"]
[Annotator "NA"]
[PlyCount "65"]
[EventDate "2019.09.15"]
[EventType "team-tourn"]
[EventCountry "CZE"]
[SourceTitle "playchess.com"]
[Source "ChessBase"]
[SourceQuality "1"]
[WhiteTeam "Turnov"]
[BlackTeam "Siesta Solution Unichess"]
[TimeControl "40/5400+30:1800+30"]

1. d4 d5 2. Bf4 Nf6 3. e3 c5 4. dxc5 Nc6 5. Bb5 e6 6. b4 a5 7. c3 Bd7 8. Qb3 Nh5 9. Ne2 Nxf4 10. Nxf4 Qf6 11. O-O Be7 12. Nd2 O-O 13. a4 Bd8 14. Rad1 Bc7 15. Ne2 Rad8 16. Ng3 Qh6 17. Be2 Bc8 18. b5 Ne5 19. c4 d4 20. exd4 Rxd4 21. Qe3 Qh4 22. f4 Rd3 23. Bxd3 Ng4 24. Nf3 Qxg3 25. Qe4 f5 26. hxg3 fxe4 27. Bxe4 Ne3 28. b6 Bb8 29. Rfe1 Nxd1 30. Rxd1 h6 31. c6 bxc6 32. Bxc6 Ba6 33. Bb5 1-0

[Event "CZE Extraliga 2019-20"]
[Site "Czech Republic"]
[Date "2019.12.02"]
[Round "3.6"]
[White "Chytilek, Roman"]
[Black "Babula, Vlastimil"]
[Result "0-1"]
[ECO "E15"]
[WhiteElo "2339"]
[BlackElo "2572"]
[Annotator "ChessBase"]
[PlyCount "56"]
[EventDate "2019.09.15"]
[EventType "team-tourn"]
[EventCountry "CZE"]
[SourceTitle "playchess.com"]
[Source "ChessBase"]
[SourceQuality "1"]
[WhiteTeam "Duras"]
[BlackTeam "Novoborsky"]
[WhiteTeamCountry "CZE"]
[BlackTeamCountry "CZE"]
[TimeControl "40/5400+30:1800+30"]

1. d4 Nf6 2. c4 e6 3. Nf3 b6 4. g3 Ba6 5. b3 Bb4+ 6. Bd2 Be7 7. Bg2 d5 8. cxd5 exd5 9. O-O O-O 10. Nc3 Bb7 11. Bf4 Re8 12. Rc1 Na6 13. Rc2 h6 14. Qc1 Bf8 15. Qb2 c5 16. Rd1 Qe7 17. h4 g6 18. e3 Ne4 19. g4 Rad8 20. g5 hxg5 21. hxg5 Bg7 22. Rcc1 Nc7 23. Qb1 Ne6 24. Be5 Bxe5 25. dxe5 Nxc3 26. Rxc3 d4 27. exd4 cxd4 28. Rc4 Nf4 0-1

[Event "CZE Extraliga 2019-20"]
[Site "Czech Republic"]
[Date "2019.11.30"]
[Round "3.6"]
[White "Obsivac, Josef"]
[Black "Kislinsky, Alexey"]
[Result "0-1"]
[ECO "E90"]
[WhiteElo "2285"]
[BlackElo "2436"]
[Annotator "NA"]
[PlyCount "126"]
[EventDate "2019.09.15"]
[EventType "team-tourn"]
[EventCountry "CZE"]
[SourceTitle "playchess.com"]
[Source "ChessBase"]
[SourceQuality "1"]
[WhiteTeam "Brno"]
[BlackTeam "Lysa nad Labem"]
[TimeControl "40/5400+30:1800+30"]

1. d4 Nf6 2. c4 g6 3. Nc3 c5 4. d5 Bg7 5. e4 d6 6. Bd3 O-O 7. h3 e6 8. Nf3 Nbd7 9. O-O e5 10. a3 {[%emt 0:06:55] E90: King's Indian: Classical: Early deviations and 6 h3} (10. Rb1 h6 11. Re1 Nh7 12. Qc2 Kh8 13. Bd2 b6 14. b4 cxb4 15. Nb5 Nc5 16. Bxb4 f5 17. Rbd1 f4 {0-1 (68) Le,Q (2739)-Aronian,L (2799) Saint Louis 2017}) 10... h6 11. Re1 Nh7 12. Rb1 $146 ({Predecessor:} 12. Qc2 Nb8 13. b4 Na6 14. Rb1 f5 15. Kf1 f4 {0-1 (47) Johansson,R (2095)-Janse,L (2152) Stockholm 2003}) 12... f5 13. b4 f4 14. Nb5 Rf6 15. g4 (15. Qe2 $14) 15... fxg3 16. fxg3 a5 17. bxa5 Qxa5 18. Bd2 (18. Nh2 $16) 18... Qd8 19. Bf1 Nb6 20. Rb3 Bd7 21. Qc1 Ra4 22. Nh2 h5 23. g4 hxg4 24. Nxg4 Bxg4 25. hxg4 Qd7 26. Rg3 $11 Rf4 27. g5 Rxf1+ 28. Rxf1 Nxc4 29. Nc3 Rxa3 30. Be1 b5 31. Qd1 b4 32. Qe2 Nb6 33. Rff3 bxc3 34. Rxc3 Rxc3 35. Bxc3 Bf8 36. Qa6 Nc8 37. Bd2 Be7 38. Kf1 Nf8 39. Ke1 Bd8 40. Kd1 Nb6 41. Ke1 Qh7 42. Qe2 Qh4 43. Kf2 Nh7 44. Kg2 Nxg5 45. Bxg5 Bxg5 46. Qg4 Qxg4 47. Rxg4 Be7 48. Rxg6+ Kf7 49. Rh6 Bf8 50. Rh7+ Bg7 51. Kf3 Nd7 52. Rh1 Nf6 53. Rb1 Bh6 54. Rb7+ Ke8 55. Rc7 Kd8 56. Rf7 Bg5 57. Rg7 Bf4 58. Rf7 Nd7 59. Rg7 c4 60. Rg2 c3 61. Ra2 Nc5 62. Ke2 Kc7 63. Kd1 Bd2 0-1

[Event "CZE Extraliga 2019-20"]
[Site "Czech Republic"]
[Date "2019.12.02"]
[Round "3.7"]
[White "Nguyen, Thai Dai Van"]
[Black "Vyskocil, Neklan"]
[Result "1-0"]
[ECO "E32"]
[WhiteElo "2548"]
[BlackElo "2291"]
[Annotator "ChessBase"]
[PlyCount "63"]
[EventDate "2019.09.15"]
[EventType "team-tourn"]
[EventCountry "CZE"]
[SourceTitle "playchess.com"]
[Source "ChessBase"]
[SourceQuality "1"]
[WhiteTeam "Novoborsky"]
[BlackTeam "Duras"]
[WhiteTeamCountry "CZE"]
[BlackTeamCountry "CZE"]
[TimeControl "40/5400+30:1800+30"]

1. d4 Nf6 2. c4 e6 3. Nc3 Bb4 4. Qc2 O-O 5. e4 d6 6. e5 Nfd7 7. Nf3 f5 8. exf6 Nxf6 9. Bd3 Qe7 10. O-O Bxc3 11. Qxc3 Nc6 12. Re1 Bd7 13. d5 Nd8 14. dxe6 Bxe6 15. Ng5 Re8 16. Bf5 Bxf5 17. Rxe7 Rxe7 18. Be3 h6 19. Nf3 b6 20. Bxh6 Nf7 21. Be3 Rae8 22. h3 c5 23. Rd1 Be4 24. Ng5 d5 25. cxd5 Nxd5 26. Qc4 Nd6 27. Qe2 Nf5 28. Qc4 Nd6 29. Qb3 c4 30. Qa3 Nb5 31. Qa4 Nxe3 32. fxe3 1-0

[Event "CZE Extraliga 2019-20"]
[Site "Czech Republic"]
[Date "2019.11.30"]
[Round "3.7"]
[White "Voloshin, Leonid"]
[Black "Jirovsky, Milos"]
[Result "1/2-1/2"]
[ECO "D10"]
[WhiteElo "2361"]
[BlackElo "2452"]
[Annotator "ChessBase"]
[PlyCount "33"]
[EventDate "2019.09.15"]
[EventType "team-tourn"]
[EventCountry "CZE"]
[SourceTitle "playchess.com"]
[Source "ChessBase"]
[SourceQuality "1"]
[WhiteTeam "Praha"]
[BlackTeam "Pardubice"]
[TimeControl "40/5400+30:1800+30"]

1. d4 d5 2. c4 c6 3. cxd5 cxd5 4. Nc3 Nf6 5. Bf4 a6 6. e3 Nc6 7. Nf3 Bg4 8. Be2 e6 9. O-O Be7 10. h3 Bxf3 11. Bxf3 O-O 12. Be2 b5 13. Bd3 Qb6 14. Qe2 Rfc8 15. Rfc1 Qd8 16. Bh2 Bd6 17. Bxd6 1/2-1/2

[Event "CZE Extraliga 2019-20"]
[Site "Czech Republic"]
[Date "2019.11.30"]
[Round "3.7"]
[White "Konopka, Michal"]
[Black "Bures, Jaroslav"]
[Result "0-1"]
[ECO "D78"]
[WhiteElo "2351"]
[BlackElo "2388"]
[Annotator "NA"]
[PlyCount "74"]
[EventDate "2019.09.15"]
[EventType "team-tourn"]
[EventCountry "CZE"]
[SourceTitle "playchess.com"]
[Source "ChessBase"]
[SourceQuality "1"]
[WhiteTeam "Kromeriz"]
[BlackTeam "Poruba"]
[TimeControl "40/5400+30:1800+30"]

1. Nf3 d5 2. g3 g6 3. Bg2 Bg7 4. d4 Nf6 5. O-O O-O 6. c4 c6 7. Qb3 a5 8. cxd5 a4 9. Qd1 cxd5 10. Nc3 Qa5 11. Bd2 Nc6 12. e3 a3 13. b3 Bg4 14. h3 Bxf3 15. Bxf3 Qd8 16. Qe2 e5 17. dxe5 Nxe5 18. Bg2 Re8 19. Rfd1 d4 20. exd4 Qxd4 21. Be1 Qa7 22. Rac1 Nh5 23. Kh2 Nc6 24. Qf3 Re6 25. Nd5 Bb2 26. Rb1 Ne5 27. Qe2 Rc8 28. f4 Nc6 29. Qc2 Qb8 30. Bc3 Nb4 31. Nxb4 Rxc3 32. Qd2 Rxg3 33. Nd5 g5 34. Re1 gxf4 35. Rxe6 f3 36. Ne7+ Kh8 37. Bxf3 fxe6 0-1

[Event "CZE Extraliga 2019-20"]
[Site "Czech Republic"]
[Date "2019.11.30"]
[Round "3.7"]
[White "Balacek, Tadeas"]
[Black "Zeman, Matyas"]
[Result "1/2-1/2"]
[ECO "D05"]
[WhiteElo "2331"]
[BlackElo "2247"]
[Annotator "NA"]
[PlyCount "120"]
[EventDate "2019.09.15"]
[EventType "team-tourn"]
[EventCountry "CZE"]
[SourceTitle "playchess.com"]
[Source "ChessBase"]
[SourceQuality "1"]
[WhiteTeam "Lysa nad Labem"]
[BlackTeam "Brno"]
[TimeControl "40/5400+30:1800+30"]

1. d4 d5 2. Nf3 e6 3. e3 Nf6 4. c4 a6 5. Nbd2 Nbd7 6. b3 Be7 7. Bd3 c5 8. O-O cxd4 9. exd4 O-O 10. Bb2 b6 11. Qe2 Bb7 12. Rac1 dxc4 13. bxc4 b5 14. c5 Bd5 15. a4 bxa4 16. Ra1 Bc6 17. Nc4 $11 Nd5 18. Nfe5 Nxe5 19. Nxe5 Bb5 20. Bxb5 axb5 21. Qxb5 Qb8 22. Qe2 Qc7 23. Nc4 Rfb8 24. Qc2 Qc6 25. Ne5 Qa6 26. Ba3 Rb3 27. Rfb1 Qb5 28. Rxb3 axb3 29. Qc4 Qxc4 30. Nxc4 Ra4 31. Nd2 Rxd4 32. Nxb3 Ra4 33. Nd2 Bf6 34. Rb1 g6 35. Bb2 Bxb2 36. Rxb2 Ra1+ 37. Rb1 Rxb1+ 38. Nxb1 Kf8 39. Nd2 Ke7 40. Kf1 Nc3 41. Nc4 f6 42. Nb6 Ne4 43. Na4 Kd7 44. f3 Nd2+ 45. Ke2 Nb3 46. Kd3 Kc6 47. Kc4 Na5+ 48. Kb4 Nb7 49. Kc4 e5 50. g4 h5 51. gxh5 gxh5 52. h4 f5 53. Nc3 Nxc5 54. Nd5 e4 55. Ne7+ Kd6 56. Nxf5+ Ke5 57. fxe4 Nxe4 58. Ng7 Nd2+ 59. Kd3 Nf3 60. Nxh5 Nxh4 {Ke4+} 1/2-1/2

[Event "CZE Extraliga 2019-20"]
[Site "Czech Republic"]
[Date "2019.11.30"]
[Round "3.7"]
[White "Jasny, Stanislav"]
[Black "Walek, Petr"]
[Result "1/2-1/2"]
[ECO "B34"]
[WhiteElo "2326"]
[BlackElo "2263"]
[Annotator "NA"]
[PlyCount "138"]
[EventDate "2019.09.15"]
[EventType "team-tourn"]
[EventCountry "CZE"]
[SourceTitle "playchess.com"]
[Source "ChessBase"]
[SourceQuality "1"]
[WhiteTeam "Frydek-Mistek"]
[BlackTeam "Ostrava"]
[TimeControl "40/5400+30:1800+30"]

1. e4 c5 2. Nf3 g6 3. d4 cxd4 4. Nxd4 Bg7 5. Nb3 Nc6 6. Be2 Nf6 7. Nc3 O-O 8. O-O a6 9. Be3 $11 b5 10. Nd5 Rb8 11. f3 d6 12. Qd2 Re8 13. Rad1 a5 14. Nd4 Nxd4 15. Bxd4 Nxd5 16. Bxg7 Kxg7 17. exd5 Qb6+ 18. Kh1 Bf5 19. g4 Bd7 20. f4 f5 21. g5 e5 22. dxe6 Bc6+ 23. Bf3 Bxf3+ 24. Rxf3 Rxe6 25. Qc3+ Kf7 26. Rh3 Qb7+ 27. Kg1 Kg8 28. Qb3 Qf7 29. Rhd3 a4 30. Qb4 Qa7+ 31. Qd4 Qxd4+ 32. Rxd4 Re2 33. R1d2 Rxd2 34. Rxd2 Rc8 35. Kf2 a3 36. bxa3 Rc3 37. Rxd6 Rxc2+ 38. Ke3 Rxa2 39. Kd4 Rxa3 40. Ke5 Ra8 41. Rb6 Re8+ 42. Kf6 Rf8+ 43. Ke7 Ra8 44. Rxb5 Ra7+ 45. Kf6 Ra6+ 46. Ke5 Ra7 47. Rc5 Kf7 48. Kd6 Re7 49. Rc7 Rxc7 50. Kxc7 Ke7 51. Kc6 Ke6 52. Kc5 Kd7 53. Kd5 Ke7 54. Ke5 Kf7 55. Kd6 Kf8 56. Ke6 Kg7 57. Ke7 Kg8 58. Kf6 Kf8 59. h4 Kg8 60. h5 gxh5 61. Kxf5 Kf7 62. Ke4 Kg6 63. Ke5 h4 64. f5+ Kxg5 65. f6 Kg6 66. Ke6 h3 67. f7 h2 68. f8=Q h1=Q 69. Qf5+ Kh6 1/2-1/2

[Event "CZE Extraliga 2019-20"]
[Site "Czech Republic"]
[Date "2019.11.30"]
[Round "3.8"]
[White "Vymazal, Bronislav"]
[Black "Meduna, Eduard"]
[Result "1/2-1/2"]
[ECO "A03"]
[WhiteElo "2347"]
[BlackElo "2377"]
[Annotator "ChessBase"]
[PlyCount "50"]
[EventDate "2019.09.15"]
[EventType "team-tourn"]
[EventCountry "CZE"]
[SourceTitle "playchess.com"]
[Source "ChessBase"]
[SourceQuality "1"]
[WhiteTeam "Brno"]
[BlackTeam "Lysa nad Labem"]
[TimeControl "40/5400+30:1800+30"]

1. g3 Nf6 2. Bg2 d5 3. f4 g6 4. Nf3 Bg7 5. O-O c5 6. d3 Nc6 7. Qe1 d4 8. Na3 Nd5 9. Nc4 O-O 10. e4 dxe3 11. c3 b6 12. Bxe3 Bb7 13. Rd1 Nxe3 14. Qxe3 Qc7 15. Rfe1 Rad8 16. h4 h5 17. Nce5 Nxe5 18. Nxe5 Bxg2 19. Kxg2 e6 20. Rd2 Rd5 21. Nf3 Rfd8 22. Red1 Bf6 23. Kf2 b5 24. d4 cxd4 25. Nxd4 Bxd4 1/2-1/2

[Event "CZE Extraliga 2019-20"]
[Site "Czech Republic"]
[Date "2019.11.30"]
[Round "3.8"]
[White "Studnicka, Tomas"]
[Black "Vrbata, Zbynek"]
[Result "1-0"]
[ECO "E70"]
[WhiteElo "2341"]
[BlackElo "2353"]
[Annotator "NA"]
[PlyCount "81"]
[EventDate "2019.09.15"]
[EventType "team-tourn"]
[EventCountry "CZE"]
[SourceTitle "playchess.com"]
[Source "ChessBase"]
[SourceQuality "1"]
[WhiteTeam "Turnov"]
[BlackTeam "Siesta Solution Unichess"]
[TimeControl "40/5400+30:1800+30"]

1. d4 Nf6 2. c4 g6 3. Nc3 Bg7 4. e4 O-O 5. Bd3 d6 6. Nge2 Nc6 7. h3 Nd7 8. Be3 e5 9. d5 Ne7 10. Qd2 f5 11. f3 f4 12. Bf2 g5 13. O-O-O b6 14. h4 g4 15. fxg4 Nf6 16. g5 Ng4 17. Ng1 h6 18. Nf3 Bd7 19. Rdf1 hxg5 20. hxg5 Ng6 21. Bg1 Qe7 22. Ne2 Rf7 23. Kb1 Raf8 24. Nc3 Ra8 25. Bc2 Qe8 26. Qe1 Qe7 27. Ba4 Bc8 28. Bc6 Rb8 29. Nb5 a6 30. Na7 Bd7 31. Bxd7 Qxd7 32. Nc6 Re8 33. Nh4 Ne7 34. Nxe7+ Qxe7 35. Nf3 Qd7 36. Qh4 Ne3 37. Bxe3 fxe3 38. Qh7+ Kf8 39. Nh4 Rf2 40. Rxf2+ exf2 41. Rf1 1-0

[Event "CZE Extraliga 2019-20"]
[Site "Czech Republic"]
[Date "2019.11.30"]
[Round "3.8"]
[White "Rosko, Lubos"]
[Black "Hausner, Ivan"]
[Result "1/2-1/2"]
[ECO "A49"]
[WhiteElo "2317"]
[BlackElo "2382"]
[Annotator "NA"]
[PlyCount "27"]
[EventDate "2019.09.15"]
[EventType "team-tourn"]
[EventCountry "CZE"]
[SourceTitle "playchess.com"]
[Source "ChessBase"]
[SourceQuality "1"]
[WhiteTeam "Pardubice"]
[BlackTeam "Praha"]
[TimeControl "40/5400+30:1800+30"]

1. d4 Nf6 2. Nf3 g6 3. g3 Bg7 4. Bg2 O-O 5. O-O d6 6. b3 Nbd7 7. Bb2 e5 8. dxe5 Ng4 9. c4 dxe5 10. h3 Nh6 11. e4 f6 12. Nc3 c6 13. Ba3 Re8 14. Qd2 1/2-1/2

[Event "CZE Extraliga 2019-20"]
[Site "Czech Republic"]
[Date "2019.11.30"]
[Round "3.8"]
[White "Krajina, Ales"]
[Black "Rabatin, Jakub"]
[Result "1-0"]
[ECO "A46"]
[WhiteElo "2141"]
[BlackElo "2303"]
[Annotator "NA"]
[PlyCount "99"]
[EventDate "2019.09.15"]
[EventType "team-tourn"]
[EventCountry "CZE"]
[SourceTitle "playchess.com"]
[Source "ChessBase"]
[SourceQuality "1"]
[WhiteTeam "Ostrava"]
[BlackTeam "Frydek-Mistek"]
[TimeControl "40/5400+30:1800+30"]

1. d4 Nf6 2. Nf3 e6 3. Bg5 h6 4. Bxf6 Qxf6 5. e4 d6 6. Nc3 Nd7 7. Qe2 Qd8 8. Rd1 a6 9. g3 Be7 10. Bg2 O-O 11. O-O b5 $11 12. e5 d5 13. Qe3 c5 14. Ne2 cxd4 15. Nfxd4 Qc7 16. f4 Bb7 17. c3 Rad8 18. a3 Nb6 19. Nf3 Nc4 20. Qc1 Qb6+ 21. Ned4 a5 22. Kh1 Rfe8 23. Rde1 Bf8 24. f5 exf5 25. Nxf5 b4 26. axb4 axb4 27. N5d4 Bc8 28. Rf2 Qc7 29. Rfe2 bxc3 30. bxc3 Ba3 31. Qa1 Bc5 32. Qc1 Ba3 33. Qf4 Be6 34. Nxe6 fxe6 35. Nd4 Bc5 36. Qg4 Qd7 37. Bh3 Bxd4 38. cxd4 Na5 39. Rf2 Kh7 40. Ref1 Re7 41. Rf3 Rb8 42. R1f2 Rb3 43. Rf8 Qc7 44. Bf1 Qc1 45. R2f7 Rxf7 46. Rxf7 Qg5 47. Qxe6 h5 48. Qxd5 Qd2 49. Rf5 Rb1 50. Qe4 1-0

[Event "CZE Extraliga 2019-20"]
[Site "Czech Republic"]
[Date "2019.12.02"]
[Round "3.8"]
[White "Barak, David"]
[Black "Kriebel, Tadeas"]
[Result "1/2-1/2"]
[ECO "D37"]
[WhiteElo "2070"]
[BlackElo "2516"]
[Annotator "ChessBase"]
[PlyCount "71"]
[EventDate "2019.09.15"]
[EventType "team-tourn"]
[EventCountry "CZE"]
[SourceTitle "playchess.com"]
[Source "ChessBase"]
[SourceQuality "1"]
[WhiteTeam "Duras"]
[BlackTeam "Novoborsky"]
[WhiteTeamCountry "CZE"]
[BlackTeamCountry "CZE"]
[TimeControl "40/5400+30:1800+30"]

1. d4 d5 2. c4 e6 3. Nc3 a6 4. cxd5 exd5 5. Nf3 Nf6 6. Bg5 Be6 7. e3 Nbd7 8. Bd3 Bd6 9. O-O c6 10. Bf4 Qc7 11. Bxd6 Qxd6 12. Qc2 O-O 13. Rac1 Rfe8 14. h3 g6 15. Na4 Rab8 16. Nc5 Nh5 17. b4 Ng7 18. a4 Bf5 19. Nxd7 Qxd7 20. Ne5 Qe6 21. b5 f6 22. Bxf5 Nxf5 23. Nd3 axb5 24. axb5 Ne7 25. bxc6 bxc6 26. Nf4 Qd6 27. Qc5 Qxc5 28. Rxc5 Kf7 29. Ra1 Ra8 30. Rca5 Rxa5 31. Rxa5 Rb8 32. Ra7 Rb1+ 33. Kh2 Rb2 34. Kg1 Rb1+ 35. Kh2 Rb2 36. Kg1 1/2-1/2

[Event "CZE Extraliga 2019-20"]
[Site "Czech Republic"]
[Date "2020.01.25"]
[Round "5.2"]
[White "Ftacnik, Lubomir"]
[Black "Shengelia, David"]
[Result "0-1"]
[ECO "A50"]
[WhiteElo "2520"]
[BlackElo "2531"]
[Annotator "ChessBase"]
[PlyCount "102"]
[EventDate "2019.09.15"]
[EventType "team-tourn"]
[EventCountry "CZE"]
[SourceTitle "playchess.com"]
[Source "ChessBase"]
[SourceQuality "1"]
[TimeControl "40/5400+30:1800+30"]

1. Nf3 Nf6 2. c4 b6 3. g3 Bb7 4. Bg2 g6 5. O-O Bg7 6. Nc3 O-O 7. d4 Ne4 8. Nxe4 Bxe4 9. Be3 d5 10. Qc1 Nc6 11. Rd1 Qd7 12. cxd5 Qxd5 13. Bh6 Rfd8 14. Bxg7 Kxg7 15. Qc3 Rd6 16. Ne1 Bxg2 17. Nxg2 Qa5 18. Qxa5 bxa5 19. d5 Rad8 20. e4 e6 21. Ne3 exd5 22. Rxd5 Rb8 23. Rc1 Re6 24. b3 a4 25. bxa4 Rb4 26. Rdc5 Ne5 27. Rxc7 Rxa4 28. Rb1 Rxa2 29. Rbb7 Rf6 30. Rc2 Nf3+ 31. Kf1 Ra1+ 32. Ke2 Nd4+ 33. Kd3 Nxc2 34. Nxc2 Rh1 35. f4 Rxh2 36. Nd4 Rg2 37. e5 Rxg3+ 38. Ke4 Rb6 39. Rxa7 Rg1 40. f5 Re1+ 41. Kd5 gxf5 42. Nxf5+ Kg6 43. Nd6 Rd1+ 44. Kc5 Rb2 45. Kc4 Rc2+ 46. Kb3 Rc6 47. Nxf7 Rb1+ 48. Ka2 Rbb6 49. Rd7 Rb8 50. Ra7 h5 51. Nd6 h4 0-1

[Event "CZE Extraliga 2019-20"]
[Site "Czech Republic"]
[Date "2020.01.25"]
[Round "5.4"]
[White "Mazur, Stefan"]
[Black "Bartel, Mateusz"]
[Result "1/2-1/2"]
[ECO "B15"]
[WhiteElo "2445"]
[BlackElo "2621"]
[Annotator "RC"]
[PlyCount "68"]
[EventDate "2019.09.15"]
[EventType "team-tourn"]
[EventCountry "CZE"]
[SourceTitle "playchess.com"]
[Source "ChessBase"]
[SourceQuality "1"]
[TimeControl "40/5400+30:1800+30"]

1. e4 c6 2. d4 d5 3. Nd2 dxe4 4. Nxe4 Nf6 5. Nxf6+ exf6 6. c3 Bd6 7. Bd3 O-O 8. Qc2 Re8+ 9. Ne2 h5 10. O-O Qc7 11. h3 Nd7 12. Ng3 Bxg3 13. fxg3 Nf8 14. Bf4 Qd8 15. Rad1 Be6 16. Kh2 Ng6 17. Bxg6 fxg6 18. Qxg6 Bxa2 19. Qxh5 Bf7 20. Qg4 Re4 21. Rfe1 Qe8 22. Rxe4 Qxe4 23. Qf3 Qxf3 24. gxf3 Re8 25. Rd2 g5 26. Bd6 Bd5 27. Kg2 Re3 28. Rf2 a5 29. g4 b5 30. Bc7 a4 31. Bd6 Kf7 32. Kg3 Ke6 33. Bc5 Kf7 34. Bd6 Ke6 1/2-1/2

[Event "CZE Extraliga 2019-20"]
[Site "Czech Republic"]
[Date "2020.01.25"]
[Round "5.6"]
[White "Simacek, Pavel"]
[Black "Roubalik, Jakub"]
[Result "1/2-1/2"]
[ECO "B32"]
[WhiteElo "2486"]
[BlackElo "2405"]
[Annotator "ChessBase"]
[PlyCount "112"]
[EventDate "2019.09.15"]
[EventType "team-tourn"]
[EventCountry "CZE"]
[SourceTitle "playchess.com"]
[Source "ChessBase"]
[SourceQuality "1"]
[TimeControl "40/5400+30:1800+30"]

1. e4 c5 2. Nf3 Nc6 3. d4 cxd4 4. Nxd4 e5 5. Nb5 d6 6. c4 Be7 7. N5c3 Nf6 8. Be2 O-O 9. O-O Be6 10. Be3 Rc8 11. Qd2 Qd7 12. f3 Bd8 13. Nb5 Be7 14. Rd1 a6 15. N5c3 Qc7 16. Na3 Qb8 17. Nd5 Bxd5 18. exd5 Nd4 19. Bxd4 exd4 20. Nc2 Nd7 21. Nxd4 Bf6 22. Kh1 Rfe8 23. Bf1 Qa7 24. Rac1 Qb6 25. b3 g6 26. Nc2 h5 27. Re1 Kg7 28. Rxe8 Rxe8 29. Re1 Rxe1 30. Qxe1 a5 31. Qe3 Qxe3 32. Nxe3 Nc5 33. Nc2 Bb2 34. Kg1 Kf6 35. Kf2 Ke5 36. Ke2 g5 37. Kd2 f5 38. Bd3 Kf4 39. Ne1 h4 40. Be2 Bd4 41. g3+ hxg3 42. Ng2+ Ke5 43. hxg3 Bf2 44. f4+ gxf4 45. gxf4+ Ke4 46. Bd1 Bg3 47. Ke2 Bxf4 48. Bc2+ Ke5 49. Nh4 Kd4 50. Ng2 Bg5 51. Bxf5 Kc3 52. Ne1 a4 53. bxa4 Kxc4 54. Bc2 Kxd5 55. Bb3+ Kc6 56. Nd3 Nxd3 1/2-1/2